 Dungeon Crawl Stone Soup version 0.28-a0-906-g0406aca7d3 (webtiles) character file.

Game seed: 5259918569235902690

2135 Goblin1989 the Thaumaturge (level 9, -9/65 HPs)
             Began as a Djinni Fire Elementalist on Nov 17, 2021.
             Was an Initiate of Gozag.
             Mangled by a wraith (10 damage)
             ... on level 6 of the Dungeon on Nov 23, 2021.
             The game lasted 00:29:05 (9167 turns).

Goblin1989 the Thaumaturge (DjFE)                   Turns: 9167, Time: 00:29:06

Health: -9/65      AC:  5    Str:  7    XL:     9   Next: 55%
Gold:   883        EV: 13    Int: 21    God:    Gozag SH:  0 Dex: 13

rFire   + + .      SeeInvis +   k - +0 dagger (venom)
rCold   x . .      Faith    .   (no shield)
rNeg    . . .      Spirit   .   l - +2 robe {Will+}
rPois   ∞          Reflect  .   n - +0 helmet
rElec   .          Harm     .   (no cloak)
rCorr   .          Rampage  .   (no gloves)
Will    +....                   (boots unavailable)
Stlth   ++........              (no amulet)
HPRegen 0.20/turn               s - ring of see invisible
MPRegen 0.00/turn               (no ring)

@: flying, slowed, very slow
A: sickness immunity, fire resistance 2, cold vulnerability 1, float, innate
caster, hp casting, extra vitality 1
a: Renounce Religion, Potion Petition, Call Merchant, Bribe Branch


You were on level 6 of the Dungeon.
You worshipped Gozag.
Gozag was pleased with you.
You visited 1 branch of the dungeon, and saw 6 of its levels.

You collected 1227 gold pieces.
You paid 344 gold pieces to Gozag.

Inventory:

Hand Weapons
 k - a +0 dagger of venom (weapon)
Missiles
 t - 2 curare-tipped darts
 w - 5 boomerangs
Armour
 l - a +2 robe of willpower (worn)
 n - a +0 helmet (worn)
Jewellery
 g - a ring of resist corrosion
 s - a ring of see invisible (left hand)
Scrolls
 d - 3 scrolls of identify {unknown}
 e - 4 scrolls of enchant armour {unknown}
 h - 3 scrolls of immolation {unknown}
 j - 2 scrolls of amnesia {unknown}
 m - 2 scrolls of fog {unknown}
 o - 5 scrolls of teleportation {unknown}
 v - 2 scrolls of enchant weapon {unknown}
 x - a scroll of vulnerability {unknown}
Potions
 c - 2 potions of lignification {unknown}
 i - a potion of ambrosia {unknown}
 p - a potion of might {unknown}
 q - 2 potions of degeneration {unknown}
 u - a potion of attraction {unknown}


   Skills:
 - Level 5.0 Fighting
 - Level 5.0 Dodging
 - Level 1.5 Stealth
 * Level 8.1 Spellcasting


You had 2 spell levels left.
You knew the following spells:

 Your Spells              Type           Power      Damage    Failure   Level
a - Foxfire               Conj/Fire      100%       2x1d9     1%          1
b - Scorch                Fire           84%        2d9       1%          2
c - Inner Flame           Hex/Fire       42%        N/A       1%          3
d - Flame Wave            Conj/Fire      42%        3d8       2%          4
e - Shock                 Conj/Air       100%       1d9       1%          1
f - Poisonous Vapours     Pois/Air       84%        N/A       1%          2
g - Swiftness             Air            42%        N/A       1%          3
h - Stone Arrow           Conj/Erth      84%        3d12      1%          3
j - Conjure Flame         Conj/Fire      42%        6-21      1%          3
Your spell library was empty.

Dungeon Overview and Level Annotations

Branches:
Dungeon (6/15)
 Temple: D:4-7

Altars:
Ashenzari
Gozag
Nemelex Xobeh
Ru


Innate Abilities, Weirdness & Mutations

You are immune to sickness and miasma.
You are immune to poison.
Your flesh is very heat resistant. (rF++)
You are vulnerable to cold. (rC-)
You float through the air rather than walking.
You learn spells naturally, not from books.
Your magical power is your life essence.
You have superior vitality. (+4 HP)


Message History

You take 1 damage, and have 57/65 hp.
Casting: Foxfire (safe; 1% risk of failure)
Confirm with . or Enter, or press ? or * to list all spells.
You conjure some foxfire!
The foxfire hits the wraith but does no damage.
The wraith is moderately damaged.
The foxfire hits the wraith but does no damage.
The wraith is moderately damaged.
The wraith hits you! The wraith drains your vigour!
You feel as though you will be slow longer.
The wraith completely misses you.
You take 12 damage, and have 45/65 hp.
Casting: Foxfire (safe; 1% risk of failure)
Confirm with . or Enter, or press ? or * to list all spells.
You conjure some foxfire!
The foxfire hits the wraith but does no damage.
The wraith is lightly damaged.
The foxfire hits the wraith but does no damage.
The wraith is lightly damaged.
The wraith hits you but does no damage.
You take 1 damage, and have 44/65 hp.
Casting: Foxfire (safe; 1% risk of failure)
Confirm with . or Enter, or press ? or * to list all spells.
You conjure some foxfire!
The wraith hits you. The wraith drains your vigour!
You feel as though you will be slow longer.
The wraith hits you. The wraith drains your vigour!
You feel as though you will be slow longer.
You take 4 damage, and have 40/65 hp.
Casting: Foxfire (safe; 1% risk of failure)
Confirm with . or Enter, or press ? or * to list all spells.
You conjure some foxfire!
The foxfire hits the wraith.
The wraith is moderately damaged.
The foxfire hits the wraith but does no damage.
The wraith is moderately damaged.
The foxfire hits the wraith!
The wraith is heavily damaged.
The foxfire hits the wraith but does no damage.
The wraith is heavily damaged.
The wraith hits you!
* * * LOW HITPOINT WARNING * * *
You take 12 damage, and have 28/65 hp.
The foxfire hits the wraith.
The wraith is heavily damaged.
The foxfire hits the wraith but does no damage.
The wraith is heavily damaged.
The wraith closely misses you. The wraith completely misses you.
There is an open door here.
The wraith hits you!
* * * LOW HITPOINT WARNING * * *
The wraith drains your vigour!
You feel as though you will be slow longer.
You take 11 damage, and have 18/65 hp.
Casting: Foxfire (safe; 1% risk of failure)
Confirm with . or Enter, or press ? or * to list all spells.
You conjure some foxfire!
* * * LOW HITPOINT WARNING * * *
The wraith barely misses you. x2
You take 1 damage, and have 18/65 hp.
The foxfire hits the wraith but does no damage.
The wraith is heavily damaged.
The foxfire hits the wraith.
The wraith is severely damaged.
The wraith closely misses you.
Casting: Foxfire (safe; 1% risk of failure)
Confirm with . or Enter, or press ? or * to list all spells.
You conjure some foxfire!
* * * LOW HITPOINT WARNING * * *
The wraith misses you.
You take 1 damage, and have 18/65 hp.
Your foxfire dissipates!
The foxfire hits the wraith.
The wraith is severely damaged.
The wraith misses you.
Casting: Foxfire (safe; 1% risk of failure)
Confirm with . or Enter, or press ? or * to list all spells.
You conjure some foxfire!
* * * LOW HITPOINT WARNING * * *
The wraith closely misses you.
You take 1 damage, and have 17/65 hp.
Your foxfire dissipates!
The foxfire hits the wraith.
The wraith is severely damaged.
The wraith closely misses you.
There is an open door here.
The wraith hits you!
* * * LOW HITPOINT WARNING * * *
The wraith drains your vigour!
You feel as though you will be slow longer.
You see here a +0 morningstar.
You take 11 damage, and have 7/65 hp.
Casting: Foxfire (safe; 1% risk of failure)
Confirm with . or Enter, or press ? or * to list all spells.
You conjure some foxfire!
* * * LOW HITPOINT WARNING * * *
The wraith hits you.
* * * LOW HITPOINT WARNING * * *
The wraith hits you!
You die...
Your body crumbles into a pile of gold.

██..██████ ██∆███...█
█........█ █........█
████████..██....
█.........█ ..█
█......█.>.██████
██.....█...█.vv.██████
█.....∆...∆W@))).))>█
█..██████████.)██..)█
█.. ██..██...█ █.
█..^██..██ $ █
█...██..█ █..[...<█
█.......█ $ █.......█
██..██..█


You could see a wraith (ally target).

Vanquished Creatures
  Grinder (D:5)
  A shadow (D:6)
  Sigmund (D:5)
  2 black bears
  An ogre (D:4)
  2 necrophages
  A phantom (D:5)
  3 kobold brigands
  A gnoll sergeant (D:6)
  A water moccasin skeleton (D:5)
  3 centaur zombies (D:6)
  A hound (D:5)
  2 jellies (D:5)
  3 orc priests
  A gnoll shaman (D:4)
  Jessica (D:2)
  An orc wizard (D:4)
  A killer bee zombie (D:6)
  2 hound skeletons (D:4)
  A howler monkey zombie (D:5)
  13 gnolls
  8 adders
  A white imp (D:5)
  An ufetubus (D:6)
  3 worms
  4 dart slugs
  11 orcs
  6 endoplasms
  3 giant cockroaches
  4 goblins
  10 hobgoblins
  7 jackals
  3 quokkas
  6 ball pythons
  5 bats
  6 frilled lizards
  36 kobolds
  8 rats
165 creatures vanquished.

Vanquished Creatures (others)
  Eustachio (D:4)
  An orc wizard (D:6)
  647 foxfires
  8 plants (D:4)
657 creatures vanquished.

Grand Total: 822 creatures vanquished

Notes
Turn   | Place    | Note
-------+----------+-------------------------------------------
     0 | D:1      | Goblin1989 the Djinni Fire Elementalist began the quest for
                  | the Orb.
     0 | D:1      | Reached XP level 1. HP: 15/15 MP: 0/0
    40 | D:1      | Found a faded altar of an unknown god.
    48 | D:1      | Prayed at the altar of an unknown god.
    48 | D:1      | Became a worshipper of Gozag Ym Sagoz the Greedy
   274 | D:1      | Reached XP level 2. HP: 9/22 MP: 0/0
  1089 | D:1      | Reached XP level 3. HP: 22/26 MP: 0/0
  1089 | D:1      | Learned a level 1 spell: Shock
  1233 | D:1      | Reached skill level 1 in Fighting
  1725 | D:2      | Reached skill level 3 in Spellcasting
  2525 | D:2      | Reached XP level 4. HP: 27/32 MP: 0/0
  2819 | D:2      | Noticed Jessica
  2825 | D:2      | Killed Jessica
  3263 | D:2      | Upgraded the game from 0.28-a0-863-g8cecda6153 to
                  | 0.28-a0-872-g80cf8599ee
  3296 | D:3      | Reached XP level 5. HP: 33/38 MP: 0/0
  3296 | D:3      | Learned a level 2 spell: Poisonous Vapours
  3681 | D:3      | Goblin1989: !dump defe
  3681 | D:3      | beem: http://CRAWL.XTAHUA.COM/crawl/morgue/DEFE/DEFE.txt
  4807 | D:4      | Found a sacrificial altar of Ru.
  4924 | D:4      | Reached XP level 6. HP: 27/45 MP: 0/0
  5324 | D:4      | Reached skill level 4 in Spellcasting
  5627 | D:4      | Noticed an ogre
  5854 | D:4      | Killed Eustachio
  6284 | D:4      | Killed an ogre
  6285 | D:4      | Reached XP level 7. HP: 41/50 MP: 0/0
  6285 | D:4      | Learned a level 3 spell: Swiftness
  7243 | D:4      | Upgraded the game from 0.28-a0-872-g80cf8599ee to
                  | 0.28-a0-895-g6e5f11bd55
  7267 | D:5      | Entered Level 5 of the Dungeon
  7284 | D:4      | Reached skill level 5 in Spellcasting
  7301 | D:4      | Reached XP level 8. HP: 19/58 MP: 0/0
  7554 | D:5      | Reached skill level 5 in Dodging
  7806 | D:5      | Found a sparkling altar of Nemelex Xobeh.
  7917 | D:5      | Noticed Sigmund
  7923 | D:5      | Upgraded the game from 0.28-a0-895-g6e5f11bd55 to
                  | 0.28-a0-906-g0406aca7d3
  8051 | D:5      | Noticed Grinder
  8058 | D:5      | Killed Grinder
  8059 | D:5      | Reached skill level 5 in Fighting
  8059 | D:5      | Reached skill level 6 in Spellcasting
  8096 | D:5      | Killed Sigmund
  8097 | D:5      | Reached XP level 9. HP: 52/65 MP: 0/0
  8097 | D:5      | Learned a level 3 spell: Stone Arrow
  8449 | D:6      | Reached skill level 7 in Spellcasting
  8581 | D:6      | Found a broken altar of Ashenzari.
  8861 | D:6      | Reached skill level 8 in Spellcasting
  9167 | D:6      | HP: 1/65 [wraith (6)]
  9167 | D:6      | Mangled by a wraith

Illustrated notes

Levels and vault maps discovered:
D:1:      minmay_arrival_jagged, layout_loops_cross,
          hellmonk_ecumenical_altar_pennies_from_heaven, minmay_misc_feat_cross,
          minmay_pentomino_t4
D:2:      layout_basic, uniq_jessica
D:3:      layout_loops_cross
D:4:      kennysheep_kobold_camp, layout_basic,
          nicolae_ru_great_annihilating_truth, serial_glass, glass_columns_a,
          glass_columns_c, item_on_display_b, feat_on_display,
          minmay_strange_pillars, nrook_campfire, uniq_eustachio
D:5:      layout_cave_pools, mainiacjoe_overflow_brackets, grunt_ministairs_8,
          uniq_crazy_yiuf_cottage, uniq_sigmund, uniq_grinder
D:6:      layout_gridville, lemuel_doored_altar

Skill      XL: |  1  2  3  4  5  6  7  8  9 |
---------------+----------------------------+-----
Fighting       | 1 2 3 5 |  5.0
Spellcasting   | 3 4 5 6 8 |  8.1
Dodging        | 3 4 5 |  5.0
Stealth        | |  1.5

Action                   |  1- 3 |  4- 6 |  7- 9 || total
-------------------------+-------+-------+-------++-------
Melee: Unarmed           |     3 |       |       ||     3
       Dagger            |       |     5 |       ||     5
 Cast: Foxfire           |    98 |   152 |   191 ||   441
       Shock             |       |    39 |    46 ||    85
       Poisonous Vapours |       |     2 |       ||     2
       Flame Wave        |       |       |     3 ||     3
Invok: Potion Petition   |       |     1 |     1 ||     2
 Stab: Sleeping          |       |     2 |       ||     2
Armor: Robe              |     3 |     4 |     9 ||    16
Dodge: Dodged            |     8 |    17 |    47 ||    72

Table legend: (Time is in decaauts)
 A = Elapsed time spent in this place.
 B = Non-inter-level travel time spent in this place.
 C = Inter-level travel time spent in this place.
 D = Time resting spent in this place.
 E = Time spent auto-exploring this place.
 F = Levels seen in this place.
 G = Mean time per level.
                   A        B        C        D        E       F      G
               +--------+--------+--------+--------+--------+-----+--------+
         Total |   9177 |   8975 |    202 |   3748 |   4035 |   6 | 1529.5 |
       Dungeon |   9177 |   8975 |    202 |   3748 |   4035 |   6 | 1529.5 |
               +--------+--------+--------+--------+--------+-----+--------+

Top non-repeatable levels by time:
     D:4: 2760 daAuts
     D:1: 1942 daAuts
     D:3: 1497 daAuts
     D:2: 1347 daAuts
     D:5: 844 daAuts
     D:6: 785 daAuts
